 Dungeon Crawl Stone Soup version 0.24.0-13-gcf9b319 (webtiles) character file.

Game seed: 14293151946543791097, levelgen mode: deterministic

6941 shmeve the Fighter (level 10, -16/93 HPs)
             Began as a Minotaur Berserker on Apr 9, 2020.
             Was a High Priest of Trog.
             Demolished by a swamp worm (17 damage)
             ... on level 10 of the Dungeon.
             The game lasted 00:16:45 (8345 turns).

shmeve the Fighter (Minotaur Berserker)             Turns: 8345, Time: 00:16:46

Health: -16/93     AC: 17    Str: 28    XL:     10   Next: 80%
Magic:  9/9        EV: 14    Int:  3    God:    Trog [*****.]
Gold:   403        SH:  0    Dex: 11    Spells: 9/9 levels left

rFire    . . .     SeeInvis .   L - +0 broad axe
rCold    . . .     Gourm    .   (no shield)
rNeg     + . .     Faith    +   P - +0 plate armour
rPois    +         Spirit   .   (helmet restricted)
rElec    .         Reflect  .   E - +2 ratskin cloak {+Rats rPois rN+ Str-1 Int-1 Dex+1}
rCorr    .         Harm     .   (no gloves)
MR       .....                  i - +0 pair of boots
Stlth    ..........             B - amulet of faith
HPRegen  0.25/turn              p - +4 ring of strength
MPRegen  0.11/turn              u - +4 ring of evasion

@: no status effects
A: retaliatory headbutt, horns 2
a: Berserk, Trog's Hand, Brothers in Arms, Renounce Religion, Evoke Ratskin


You were on level 10 of the Dungeon.
You worshipped Trog.
Trog was extremely pleased with you.
You were not hungry.

You visited 1 branch of the dungeon, and saw 10 of its levels.

You collected 403 gold pieces.

Inventory:

Hand Weapons
 L - a +0 broad axe (weapon)
Missiles
 r - 6 boomerangs (quivered)
 H - 3 silver boomerangs
Armour
 i - a +0 pair of boots (worn)
 E - the +2 ratskin cloak (worn) {+Rats rPois rN+ Str-1 Int-1 Dex+1}
   (You found it on level 7 of the Dungeon)

   It affects your strength (-1).
   It affects your intelligence (-1).
   It affects your dexterity (+1).
   It protects you from poison.
   It protects you from negative energy.
 G - a +2 ring mail of cold resistance
 K - a +0 buckler
 P - a +0 plate armour (worn)
Jewellery
 n - an uncursed ring of resist corrosion
 p - a +4 ring of strength (left hand)
 u - a +4 ring of evasion (right hand)
 y - an uncursed ring of see invisible {unknown}
 B - an amulet of faith (around neck)
 N - an uncursed ring of protection from magic {unknown}
Wands
 b - a wand of paralysis (11)
 j - a wand of flame (32)
 F - a wand of acid (15)
Scrolls
 d - 7 scrolls of identify
 h - 5 scrolls of enchant armour {unknown}
 k - 9 scrolls of remove curse {unknown}
 l - 3 scrolls of magic mapping {unknown}
 o - 2 scrolls of amnesia {unknown}
 t - 3 scrolls of enchant weapon {unknown}
 v - 4 scrolls of teleportation {unknown}
 C - a scroll of blinking {unknown}
 I - a scroll of fog {unknown}
 Q - a scroll of fear {unknown}
Potions
 a - 2 potions of might {unknown}
 e - 3 potions of mutation {unknown}
 f - a potion of resistance {unknown}
 g - 5 potions of curing
 m - 4 potions of heal wounds {unknown}
 q - a potion of flight {unknown}
 s - 5 potions of brilliance {unknown}
 w - a potion of ambrosia {unknown}
 x - a potion of degeneration {unknown}
 z - a potion of invisibility {unknown}
 A - a potion of magic {unknown}
 D - a potion of lignification {unknown}
 J - a potion of agility {unknown}
 O - a potion of berserk rage {unknown}
Comestibles
 c - 23 rations
 M - 8 chunks of flesh


   Skills:
 - Level 10.1 Fighting
 - Level 10.1 Axes
 - Level 5.6 Throwing
 - Level 7.2 Armour
 - Level 6.3 Dodging
 + Level 9.0 Shields


You had 9 spell levels left.
You didn't know any spells.
Your spell library was empty.

Dungeon Overview and Level Annotations

Branches:
Dungeon (10/15)            Temple (0/1) D:5
   Lair: D:8-11         Orc: D:9-12

Altars:
Ru
Trog

Annotations:
D:4 2 transporters


Innate Abilities, Weirdness & Mutations

You reflexively headbutt those who attack you in melee.
You have a pair of horns on your head.


Message History

The swamp worm bites you!
Unknown command.
Your plate armour prevents you from hitting the swamp worm.
The swamp worm is severely wounded.
You hit the swamp worm but do no damage.
You slash the swamp worm! You closely miss the swamp worm.
The swamp worm bites you but does no damage. x3
Unknown command.
You miss the swamp worm. You closely miss the swamp worm.
You hit the swamp worm. You barely miss the swamp worm.
You miss the swamp worm. The swamp worm bites you. The swamp worm bites you!
The swamp worm bites you but does no damage.
The swamp worm bites you.
* * * LOW HITPOINT WARNING * * *
The swamp worm bites you!
* * * LOW HITPOINT WARNING * * *
The swamp worm bites you!
* * * LOW HITPOINT WARNING * * *
The swamp worm bites you!
You die...

.........###
...........###
#............#
#.....≈≈≈≈≈≈≈###
...#≈≈≈≈≈≈≈≈≈≈≈##
###≈≈≈#######≈≈≈#
##.≈≈##≈≈≈≈≈#P≈≈##
##.≈≈# ≈≈≈≈≈≈≈≈ww#
[).≈≈# ≈≈≈≈≈#Pww@#
##.≈≈≈#######≈≈ww#
....≈≈≈≈≈≈≈≈≈≈≈..#
#.....≈≈≈≈≈≈≈.#.##
###.............#
# .......#...###
......######
#.....


You could see 6 swamp worms.

Vanquished Creatures
  The ghost of Southernist the Slicer, a novice KoBe of Trog (D:7)
  Pikel (D:6)
  Joseph (D:7)
  A troll (D:10)
  A wyvern (D:8)
  2 yaks (D:9)
  A human (D:9)
  2 hogs (D:9)
  Menkaure (D:6)
  Edmund (D:6)
  A swamp worm (D:10)
  An orc warrior (D:9)
  4 ice beasts
  A black bear (D:8)
  4 slaves (D:6)
  An eye of draining (D:8)
  2 phantoms
  3 ogres
  5 centaurs
  A crocodile (D:7)
  2 big kobolds
  5 bullfrogs
  3 scorpions
  16 killer bees
  2 howler monkeys
  4 crimson imps
  A centaur zombie (D:8)
  2 centaur skeletons
  4 jellies
  4 hounds
  3 orc priests
  A bullfrog skeleton (D:9)
  8 orc wizards
  Ijyb (D:3)
  A hell rat (D:7)
  6 worker ants
  A hound skeleton (D:4)
  2 worker ant zombies
  11 gnolls
  8 adders
  6 river rats (D:7)
  2 shadow imps
  An adder skeleton (D:9)
  2 worms
  2 dart slugs
  2 leopard geckos
  36 orcs
  5 bats
  5 giant cockroaches
  A hobgoblin (D:1)
  8 jackals
  2 quokkas (D:7)
  4 frilled lizards
  4 goblins
  16 kobolds
  3 quokka skeletons
  17 rats
236 creatures vanquished.

Vanquished Creatures (others)
  2 plants (D:10)
2 creatures vanquished.

Grand Total: 238 creatures vanquished

Notes
Turn   | Place    | Note
-------+----------+-------------------------------------------
     0 | D:1      | shmeve the Minotaur Berserker began the quest for the Orb.
     0 | D:1      | Reached XP level 1. HP: 19/19 MP: 0/0
   299 | D:1      | Reached XP level 2. HP: 25/27 MP: 1/1
  1247 | D:2      | Reached XP level 3. HP: 33/33 MP: 2/2
  1320 | D:2      | Reached skill level 1 in Throwing
  1325 | D:2      | Reached XP level 4. HP: 41/41 MP: 3/3
  2053 | D:3      | Noticed Ijyb
  2095 | D:3      | Killed Ijyb
  2116 | D:3      | Reached XP level 5. HP: 47/47 MP: 4/4
  2117 | D:3      | Reached ** piety under Trog
  2122 | D:3      | Reached skill level 5 in Axes
  2207 | D:3      | Reached skill level 5 in Fighting
  2750 | D:4      | Found a transporter.
  2751 | D:4      | Found a transporter.
  2842 | D:4      | Noticed a phantom
  2846 | D:4      | Reached XP level 6. HP: 47/56 MP: 5/5
  3088 | D:4      | Found a sacrificial altar of Ru.
  3502 | D:5      | Entered Level 5 of the Dungeon
  3516 | D:5      | Reached XP level 7. HP: 62/62 MP: 6/6
  3634 | D:5      | Reached *** piety under Trog
  4075 | D:5      | Found a staircase to the Ecumenical Temple.
  4401 | D:6      | Reached XP level 8. HP: 67/71 MP: 7/7
  4490 | D:6      | Reached skill level 5 in Armour
  4554 | D:6      | Noticed Edmund
  4570 | D:6      | Killed Edmund
  4827 | D:6      | Noticed Menkaure
  4839 | D:6      | Killed Menkaure
  5062 | D:6      | Noticed Pikel
  5070 | D:6      | Killed Pikel
  5070 | D:6      | Reached skill level 5 in Dodging
  5284 | D:7      | Reached XP level 9. HP: 80/81 MP: 8/8
  5410 | D:7      | Noticed Joseph
  5425 | D:7      | Killed Joseph
  5799 | D:7      | Reached **** piety under Trog
  5857 | D:7      | Found the +2 ratskin cloak {+Rats rPois rN+ Str-1 Int-1
                  | Dex+1}
  6169 | D:7      | Found a runed translucent gate.
  6170 | D:7      | Found a runed translucent gate.
  6170 | D:7      | Found a runed translucent gate.
  6170 | D:7      | Noticed Southernist's ghost (novice KoBe)
  6178 | D:7      | Killed Southernist's ghost
  6178 | D:7      | Reached skill level 5 in Throwing
  6243 | D:7      | Reached ***** piety under Trog
  6571 | D:8      | Received a gift from Trog
  6574 | D:8      | Reached XP level 10. HP: 93/93 MP: 0/9
  6589 | D:8      | Reached skill level 10 in Fighting
  6692 | D:8      | Reached skill level 10 in Axes
  7023 | D:9      | Reached skill level 1 in Shields
  7110 | D:9      | Reached skill level 5 in Shields
  7838 | D:9      | Found a bloodstained altar of Trog.
  7967 | D:10     | Entered Level 10 of the Dungeon
  8345 | D:10     | HP: 1/93 [swamp worm (11)]
  8345 | D:10     | Demolished by a swamp worm

Levels and vault maps discovered:
D:1:      co_arrival_random_square_maze, layout_loops_ring, serial_forest,
          infiniplex_forest_straight_4, infiniplex_forest_clump_double,
          infiniplex_forest_clump_double, infiniplex_forest_fountain,
          infiniplex_forest_lined_1, infiniplex_forest_end_3, minmay_misc_feat_x
D:2:      layout_loops_corners, first_ration, minmay_tetromino_l2
D:3:      layout_basic, minmay_bisected, uniq_ijyb
D:4:      gammafunk_steamed_eel, layout_basic, hangedman_ru_absence
D:5:      layout_loops_ring, minmay_temple_entry_statues
D:6:      layout_loops_ring, uniq_menkaure, uniq_pikel, uniq_edmund
D:7:      wander_guarded_unrand_ratskin, layout_loops_ring,
          ebering_ghost_rock_garden, uniq_joseph
D:8:      layout_rooms
D:9:      layout_roguey, marbit_many_paths, minivault_14, grunt_livestock,
          kennysheep_diamond, minmay_misc_feat_hallway
D:10:     layout_cave_pools, worms_lemuel

Skill      XL: |  1  2  3  4  5  6  7  8  9 10 |
---------------+-------------------------------+-----
Fighting       | 4 5 6 8 9 10 | 10.1
Axes           | 4 5 6 8 9 10 | 10.1
Throwing       | 1 2 3 4 5 |  5.6
Armour         | 3 4 5 7 |  7.2
Dodging        | 3 4 5 6 |  6.3
Shields        | 9 |  9.0

Action                   |  1- 3 |  4- 6 |  7- 9 | 10-12 || total
-------------------------+-------+-------+-------+-------++-------
Melee: Hand axe          |    54 |   131 |       |       ||   185
       Headbutt          |     8 |    22 |    43 |    30 ||   103
       War axe           |       |     1 |   204 |    31 ||   236
       Broad axe         |       |       |       |    95 ||    95
Throw: Stone             |    19 |       |       |       ||    19
       Boomerang         |       |       |     2 |    22 ||    24
Invok: Berserk           |     1 |     2 |     7 |     2 ||    12
       Trog's Hand       |       |       |     1 |     1 ||     2
  Use: Scroll            |       |       |     2 |     1 ||     3
  Eat: Chunk             |     1 |     9 |    14 |     5 ||    29
       Ration            |       |       |     1 |     1 ||     2
Armor: Chain mail        |    30 |    83 |    92 |    38 ||   243
       Animal skin       |     1 |       |       |       ||     1
       Plate armour      |       |       |       |    44 ||    44
Dodge: Dodged            |    38 |    76 |   110 |   146 ||   370
